 Dungeon Crawl Stone Soup version 0.24-a0-201-gf205589 (webtiles) character file.

Game seed: 2638053853222297994

10363 Borgoz the Slicer (level 11, -3/99 HPs)
             Began as a Gargoyle Gladiator on Mar 25, 2019.
             Was a Believer of Ashenzari.
             Slain by Urug
             ... wielding a +2 halberd
              (14 damage)
             ... on level 11 of the Dungeon.
             The game lasted 00:26:50 (10644 turns).

Borgoz the Slicer (Gargoyle Gladiator)             Turns: 10644, Time: 00:26:51

Health: -3/99      AC: 25    Str: 21    XL:     11   Next: 60%
Magic:  28/28      EV:  2    Int: 10    God:    Ashenzari [**....]
Gold:   419        SH:  0    Dex: 18    Spells: 16/21 levels left

rFire    . . .     SeeInvis .   N - +4 dagger
rCold    . . .     Gourm    .   (no shield)
rNeg     + + +     Faith    .   (armour currently unavailable)
rPois    ∞         Spirit   .   (helmet currently unavailable)
rElec    .         Reflect  .   (cloak currently unavailable)
rCorr    .         Harm     .   (gloves currently unavailable)
MR       .....     NoTele   +   (boots currently unavailable)
Stlth    +++++.....             (no amulet)
HPRegen  0.26/turn              K - +3 ring of strength
MPRegen  0.21/turn              z - ring of magical power

@: agile, tree-form
A: negative energy resistance 1, petrification resistance, rot immunity, AC +8
a: Curse Item, Scrying, Renounce Religion


You were on level 11 of the Dungeon.
You worshipped Ashenzari.
Ashenzari was pleased with you.
You were near starving.
You were a tree.
You visited 2 branches of the dungeon, and saw 12 of its levels.

You collected 619 gold pieces.
You spent 200 gold pieces at shops.

Inventory:

Hand Weapons
 a - a +3 short sword of speed
 b - a +0 hand crossbow
 m - a +0 rapier
 N - a +4 dagger (weapon)
 P - a +1 dagger of freezing
Missiles
 g - 13 javelins (quivered)
 x - 33 poisoned needles
 E - 8 tomahawks
Armour
 c - a +0 helmet (melded)
 i - a +1 leather armour of poison resistance
 y - a +1 pair of gloves (melded)
 B - a +2 cloak (melded)
 D - a +0 pair of boots of flying (melded)
 J - a +0 leather armour of positive energy (melded)
 R - a cursed +0 plate armour
Jewellery
 e - an uncursed ring of ice
 n - an uncursed amulet of harm
 s - an uncursed ring of ice
 z - a ring of magical power (right branch)
 K - a +3 ring of strength (left branch)
Wands
 H - a wand of polymorph (16)
Scrolls
 h - 6 scrolls of teleportation
 j - 7 scrolls of remove curse
 o - 2 scrolls of immolation {unknown}
 p - a scroll of blinking
 t - 2 scrolls of random uselessness {unknown}
 u - a scroll of fear {unknown}
 v - 5 scrolls of amnesia
 A - a scroll of vulnerability {unknown}
 C - 2 scrolls of enchant weapon
 F - 3 scrolls of fog {unknown}
 G - 2 scrolls of enchant armour {unknown}
 Q - 4 scrolls of magic mapping
Potions
 d - a potion of agility
 k - 5 potions of curing
 q - 3 potions of brilliance
 w - a potion of magic
 I - a potion of flight
 M - a potion of resistance {unknown}
 O - a potion of mutation {unknown}
Comestibles
 f - 23 rations


   Skills:
 + Level 6.6 Fighting
 * Level 8.1 Short Blades
 + Level 5.5 Throwing
 + Level 6.0 Armour
 * Level 7.3 Dodging
 + Level 6.6 Stealth
 + Level 5.6 Spellcasting
 + Level 4.0 Translocations


You had 16 spell levels left.
You knew the following spells:

 Your Spells              Type           Power        Failure   Level  Hunger
a - Blink                 Tloc           N/A          6%          2    ##.....
b - Mephitic Cloud        Conj/Pois/Air  #.......     54%         3    ###....

Your spell library contained the following spells:

 Spells                   Type           Power        Failure   Level  Hunger
 Freeze                   Ice            #...         22%         1    None
 Magic Dart               Conj           #...         22%         1    None
 Portal Projectile        Hex/Tloc       #.....       28%         3    ###....
 Call Imp                 Summ           #.......     32%         2    ##.....
 Slow                     Hex            #.......     32%         2    ##.....
 Throw Frost              Conj/Ice       #.....       32%         2    ##.....
 Conjure Flame            Conj/Fire      #.......     54%         3    ###....
 Ozocubu's Armour         Chrm/Ice       #.......     54%         3    ###....
 Static Discharge         Conj/Air       #.......     54%         3    ###....
 Summon Ice Beast         Ice/Summ       #.......     91%         4    ####...
 Throw Icicle             Conj/Ice       #.......     91%         4    ####...
 Lightning Bolt           Conj/Air       #.........   99%         5    ######.
 Metabolic Englaciation   Hex/Ice        #.........   99%         5    ######.
 Malign Gateway           Summ/Tloc      #.........   100%        7    #######
 Ignition                 Fire           #.........   100%        8    #######
 Shatter                  Erth           #.........   100%        9    #######
 Tornado                  Air            #.........   100%        9    #######


Dungeon Overview and Level Annotations

Branches:
Dungeon (11/15)            Temple (1/1) D:7
   Lair: D:8-11         Orc: D:9-12

Altars:
Ashenzari
Cheibriados
Dithmenos
Elyvilon
Fedhas
Gozag
Hepliaklqana
Kikubaaqudgha
Makhleb
Nemelex Xobeh
Okawaru
Qazlal
Ru
Sif Muna
Trog
Uskayaw
Vehumet
Wu Jian
Xom
Yredelemnul
Zin
The Shining One

Shops:
D:4 %!?:

Annotations:
D:11 Urug


Innate Abilities, Weirdness & Mutations

You are resistant to torment.
((Your stone body is resilient. (AC +8)))
You are immune to poison.
You resist negative energy. (rN+)
((You are resistant to electric shocks. (rElec)))
((You can survive without breathing.))
You are immune to petrification.
You are immune to rotting.


Message History

Urug hits you from afar with a +2 halberd!
* * * LOW HITPOINT WARNING * * *
The centaur hits you but does no damage.
Okay, then.
You feel agile all of a sudden.
The centaur hits you but does no damage. x2
The centaur hits you.
* * * LOW HITPOINT WARNING * * *
The centaur hits you but does no damage.
The crimson imp blinks!
Urug grins evilly.
Urug hits you but does no damage.
The centaur hits you but does no damage. x2
You feel better.
The centaur hits you but does no damage.
The centaur wields a +0 shortbow.
The centaur shoots an arrow.
The arrow hits you.
* * * LOW HITPOINT WARNING * * *
Urug hits you from afar with a +2 halberd!
You die...

#.#####.#*.#.# # ,
...§...##.#... , # *
*#............. , #
####............. , .#### ,
......5.......... .....
*.#............). ..... *
##.#....$.oc...... ..... #
#..#...((c.c§......# .####
#.#.##...((c♣cH..###.. * #
#.#.##.########### #.# #
#......# ##########.# #
###.#######.......##.########
#.# #.......###.##........#
#.# #.......###.##>.#####.#
#.###..............#.......
#.......!....##.#.###......
#####.......###..## ##.##.#


You could see Urug, a manticore, 5 centaurs and a crimson imp.

Vanquished Creatures
  2 two-headed ogres
  An unseen horror (D:10)
  Pikel (D:4)
  A cyclops (D:10)
  A centaur zombie (D:11)
  A queen bee (D:11)
  A troll (D:11)
  Grinder (D:6)
  2 hippogriffs (D:8)
  A vampire (D:8)
  7 yaks
  A wyvern (D:8)
  2 wraiths
  Eustachio (D:4)
  3 orc warriors
  4 ice beasts
  A slave (D:4)
  A sky beast (D:11)
  A black bear (D:6)
  2 phantoms
  An ogre (D:8)
  2 centaurs
  A crocodile (D:9)
  A big kobold (D:8)
  6 bullfrogs
  A gnoll sergeant (D:9)
  4 scorpions
  21 killer bees
  7 howler monkeys
  3 wights (D:6)
  6 crimson imps
  2 jellies (D:5)
  A bullfrog zombie (D:8)
  6 hounds
  2 bullfrog skeletons
  9 orc priests
  2 orc wizards
  2 centaur skeletons
  2 iguanas
  4 worker ants
  A killer bee zombie (D:8)
  7 gnolls
  10 adders
  2 shadow imps
  A white imp (D:6)
  An adder skeleton (D:8)
  3 worms
  5 dart slugs
  6 leopard geckos
  25 orcs
  10 bats
  6 giant cockroaches
  4 hobgoblins
  5 jackals
  6 quokkas
  3 frilled lizards
  6 goblins
  7 kobolds
  A leopard gecko skeleton (D:6)
  A quokka skeleton (D:4)
  8 rats
236 creatures vanquished.

Notes
Turn   | Place    | Note
-------+----------+-------------------------------------------
     0 | D:1      | Borgoz the Gargoyle Gladiator began the quest for the Orb.
     0 | D:1      | Reached XP level 1. HP: 12/12 MP: 1/1
   232 | D:1      | Reached XP level 2. HP: 17/17 MP: 2/2
   871 | D:1      | Reached skill level 3 in Short Blades
   917 | D:2      | Reached XP level 3. HP: 22/22 MP: 2/4
  1014 | D:2      | Found a bloodstained altar of Trog.
  1054 | D:2      | Reached skill level 1 in Spellcasting
  1656 | D:2      | Reached XP level 4. HP: 27/27 MP: 5/5
  1808 | D:3      | Learned a level 2 spell: Blink
  1812 | D:3      | Learned a level 3 spell: Mephitic Cloud
  1901 | D:3      | Found a faded altar of an unknown god.
  1911 | D:3      | Reached skill level 1 in Armour
  1911 | D:3      | Reached skill level 1 in Stealth
  1920 | D:3      | Reached XP level 5. HP: 9/31 MP: 5/7
  2292 | D:3      | Reached XP level 6. HP: 10/36 MP: 7/9
  2732 | D:3      | Found a snail-covered altar of Cheibriados.
  3079 | D:4      | Found Kugh's Magic Scroll Emporium.
  3093 | D:4      | Bought a scroll of identify for 20 gold pieces
  3093 | D:4      | Bought a scroll of teleportation for 30 gold pieces
  3146 | D:4      | Noticed Eustachio
  3168 | D:4      | Killed Eustachio
  3272 | D:4      | Found Touwat's Distillery.
  3275 | D:4      | Bought 3 potions of heal wounds for 150 gold pieces
  3362 | D:4      | Found Maakhaqo's Book Emporium.
  3523 | D:4      | Noticed a slave
  3524 | D:4      | Noticed a slave
  3524 | D:4      | Noticed a slave
  3525 | D:4      | Noticed Pikel
  3528 | D:4      | Noticed a slave
  3548 | D:4      | Killed a slave
  3595 | D:4      | Killed Pikel
  3595 | D:4      | Reached skill level 4 in Short Blades
  3595 | D:4      | Reached XP level 7. HP: 18/42 MP: 11/11
  3595 | D:4      | Reached XP level 8. HP: 20/48 MP: 12/12
  3864 | D:4      | Found Ileath's Food Shoppe.
  3959 | D:5      | Entered Level 5 of the Dungeon
  4667 | D:6      | Reached skill level 5 in Short Blades
  4679 | D:6      | Noticed Grinder
  4681 | D:6      | Paralysed by Grinder for 7 turns
  4706 | D:6      | Killed Grinder
  4936 | D:7      | Reached XP level 9. HP: 21/52 MP: 14/14
  5193 | D:7      | Found a staircase to the Ecumenical Temple.
  5203 | Temple   | Entered the Ecumenical Temple
  5517 | Temple   | Became a worshipper of Ashenzari the Shackled
  5547 | D:7      | Reached skill level 5 in Dodging
  5547 | D:7      | Reached skill level 1 in Translocations
  6250 | D:8      | Reached skill level 5 in Fighting
  6250 | D:8      | Reached skill level 6 in Short Blades
  6344 | D:8      | Noticed a two-headed ogre
  6370 | D:8      | Killed a two-headed ogre
  6370 | D:8      | Reached skill level 5 in Stealth
  6370 | D:8      | Reached XP level 10. HP: 53/59 MP: 16/16
  7250 | D:9      | Identified the Almanac of the Glacier and Translocation
  7293 | D:9      | Reached * piety under Ashenzari
  7557 | D:9      | Reached skill level 5 in Armour
  7819 | D:9      | Reached skill level 7 in Short Blades
  7843 | D:9      | Reached skill level 5 in Spellcasting
  8248 | D:10     | Entered Level 10 of the Dungeon
  8367 | D:10     | Killed an unseen horror
  8367 | D:10     | Reached skill level 5 in Throwing
  8367 | D:10     | Reached XP level 11. HP: 34/64 MP: 18/18
  9357 | D:10     | Noticed a cyclops
  9376 | D:10     | Killed a cyclops
  9774 | D:11     | Reached ** piety under Ashenzari
 10287 | D:11     | Noticed a two-headed ogre
 10307 | D:11     | Killed a two-headed ogre
 10307 | D:11     | Reached skill level 8 in Short Blades
 10621 | D:11     | Noticed a manticore
 10624 | D:11     | Noticed Urug
 10644 | D:11     | Slain by Urug

Levels and vault maps discovered:
D:1:      roderic_crossed_star, layout_basic
D:2:      layout_basic, trog_three_pillars_becter
D:3:      layout_rooms, kennysheep_slug_shrine,
          chequers_ecumenical_altar_simple, minmay_divided_ellipse
D:4:      layout_loops_ring, first_ration, serial_shops, shop,
          kennysheep_mini_moat, shop, nicolae_shop_crystal, grunt_decor_cap,
          uniq_pikel, uniq_eustachio
D:5:      layout_rooms, serial_park_tiny_pond
D:6:      layout_rooms, minmay_fire_ice_demons, uniq_grinder
D:7:      layout_rooms, minmay_temple_entry_trees
D:8:      layout_rooms
D:9:      layout_grid_maze
D:10:     layout_loops_ring, minmay_misc_feat_iff
D:11:     layout_loops_cross, dpeg_oklobed_lair, special_room
          [special_room_bee], uniq_urug
Temple:   compressed_dpeg_triangle_lava_temple

Skill      XL: |  1  2  3  4  5  6  7  8  9 10 11 |
---------------+----------------------------------+-----
Short Blades   | 3 4 5 6 7 8 |  8.1
Throwing       | 2 3 4 5 |  5.5
Spellcasting   | 1 2 3 4 5 |  5.6
Armour         | 1 2 3 4 5 6 |  6.0
Stealth        | 1 2 3 5 6 |  6.6
Dodging        | 3 4 5 6 7 |  7.3
Fighting       | 3 4 5 6 |  6.6
Translocations | 2 3 4 |  4.0

Action                   |  1- 3 |  4- 6 |  7- 9 | 10-12 || total
-------------------------+-------+-------+-------+-------++-------
Melee: Rapier            |    32 |       |       |       ||    32
       Short sword       |    60 |   207 |   408 |   834 ||  1509
       Dagger            |       |       |       |    27 ||    27
 Fire: Hunting sling     |       |     2 |       |       ||     2
Throw: Throwing net      |       |       |     5 |       ||     5
  Use: Scroll            |       |     9 |     4 |     3 ||    16
       Potion            |       |     3 |     4 |    11 ||    18
 Stab: Held in net/web   |       |       |     3 |       ||     3
       Sleeping          |       |       |     4 |     9 ||    13
       Invisible         |       |       |       |    19 ||    19
       Distracted        |       |       |       |     1 ||     1
  Eat: Chunk             |     2 |     6 |     9 |    13 ||    30
Armor: Leather armour    |    26 |    66 |   127 |   249 ||   468
       Skin              |       |       |       |    30 ||    30
Dodge: Dodged            |    53 |   120 |   202 |   508 ||   883

Table legend:
 A = Non-vault XP
 B = Vault XP
 C = Vault XP percentage of total XP
 D = Non-vault monster count
 E = Vault monster count
 F = Vault count percentage of total count
                 A         B        C        D         E       F
            +---------+---------+-------+---------+---------+-------
      Total |   12272 |    2533 |  17.1 |     200 |      35 |  14.9
            +---------+---------+-------+---------+---------+-------
        D:1 |      30 |       0 |   0.0 |      15 |       0 |   0.0
        D:2 |      63 |       0 |   0.0 |      19 |       0 |   0.0
        D:3 |     194 |      91 |  31.9 |      21 |      14 |  40.0
        D:4 |       1 |     861 |  99.9 |       1 |       2 |  66.7
        D:5 |     453 |       0 |   0.0 |      16 |       0 |   0.0
        D:6 |     772 |     324 |  29.6 |      14 |       3 |  17.6
        D:7 |     510 |       0 |   0.0 |      15 |       0 |   0.0
        D:8 |    2751 |       0 |   0.0 |      26 |       0 |   0.0
        D:9 |    2159 |       0 |   0.0 |      32 |       0 |   0.0
       D:10 |    2885 |       0 |   0.0 |      25 |       0 |   0.0
       D:11 |    2454 |    1257 |  33.9 |      16 |      16 |  50.0
            +---------+---------+-------+---------+---------+-------
